AoeStats
← Abacaxi de Marataízes ^_~

Arabia

504501401Analyzed
1v1 RM · 28d ago on Sep 5, 2026· 65m 12s· 2 players
Game mode
Random Map
Map size
Tiny (2 player)
Population
200
Speed
Normal
Resources
Standard
Victory
Conquest
Starting age
Dark Age
Ending age
Imperial Age
RankedLock teamsTeams togetherTeam positionsShared explorationLock speedFull tech treeHidden civsTurbo modeCheats
Victory
Defeat
🇹🇷 Celts · Türkiye
832
+16
🇧🇷 Inca · Brazil
828
-16
Abacaxi de Marataízes ^_~
5:57 Loom
9:26 Feudal Age
10:08 Double-Bit Axe
14:39 Horse Collar
16:31 Fletching
18:38 Gold Mining
24:49 Castle Age
26:17 Crossbowman
27:05 Thumb Ring
28:00 Heavy Plow
28:12 Bow Saw
28:07 Heavy Plow
29:44 Padded Archer Armor
29:58 Forging
31:20 Bodkin Arrow
33:21 Pikeman
34:37 Scale Mail Armor
35:51 Iron Casting
37:02 Chain Mail Armor
37:59 Gold Shaft Mining
39:29 Padded Archer Armor
45:12 Imperial Age
46:59 Blast Furnace
46:30 Plate Mail Armor
46:46 Arbalester
49:22 Elite Kamayuk
50:24 Conscription
50:21 Leather Archer Armor
51:23 Bracer
53:23 Guard Tower
54:33 Chemistry
53:45 Masonry
53:33 Murder Holes
57:42 Hoardings
59:25 Fabric Shields
59:27 Andean Sling
59:46 Champi Runner
61:57 Champi Warrior
Ryder Wilson
5:14 Loom
9:59 Feudal Age
17:40 Double-Bit Axe
18:18 Forging
17:32 Man-at-Arms
19:56 Horse Collar
25:55 Castle Age
29:05 Padded Archer Armor
28:55 Fletching
30:45 Gold Mining
31:09 Bow Saw
31:02 Heavy Plow
34:40 Gold Shaft Mining
40:00 Imperial Age
38:00 Elite Skirmisher
39:25 Scale Barding Armor
39:56 Iron Casting
39:41 Town Watch
40:32 Wheelbarrow
40:18 Scale Mail Armor
40:38 Chain Barding Armor
40:27 Capped Ram
41:03 Cavalier
44:06 Leather Archer Armor
43:47 Bodkin Arrow
48:19 Elite Woad Raider
49:21 Chain Mail Armor
50:48 Town Patrol
50:44 Onager
54:40 Plate Mail Armor
55:10 Blast Furnace
Connection lost

Rejoining the realm…

Still unreachable

The connection could not be restored.

Session expired

The server has moved on; the page needs a fresh start.